 Dungeon Crawl Stone Soup version 0.28.0-1-gb440e238dd (webtiles) character file.

Game seed: 10134883952091634675

20 themarg the Grasshopper (level 2, -1/23 HPs)
             Began as a Gnoll Wanderer on Feb 23, 2022.
             Slain by a gnoll (5 damage)
             ... on level 1 of the Dungeon.
             The game lasted 00:03:08 (1142 turns).

themarg the Grasshopper (Gnoll Wanderer)            Turns: 1142, Time: 00:03:08

Health: -1/23      AC:  5    Str:  9    XL:     2   Next: 79%
Magic:  5/5        EV:  9    Int: 13    God:
Gold:   51         SH:  5    Dex: 11    Spells: 5/6 levels left

rFire   . . .      SeeInvis .   d - +0 dagger (holy)
rCold   . . .      Faith    .   c - +0 buckler
rNeg    . . .      Spirit   .   j - +0 ring mail
rPois   .          Reflect  .   (no helmet)
rElec   .          Harm     .   (no cloak)
rCorr   .          Rampage  .   (no gloves)
Will    .....                   (no boots)
Stlth   +.........              (no amulet)
HPRegen 0.07/turn               (no ring)
MPRegen 0.09/turn               (no ring)

@: studying Slings
A: fangs 1, strong nose, distributed training
a: no special abilities


You were on level 1 of the Dungeon.
You visited 1 branch of the dungeon, and saw 1 of its levels.

You collected 51 gold pieces.

Inventory:

Hand Weapons
 a - a +0 dagger
 d - a +0 dagger of holy wrath (weapon)
Missiles
 h - 64 stones (quivered)
 i - 14 sling bullets
Armour
 b - a +0 robe
 c - a +0 buckler (worn)
 j - a +0 ring mail (worn)
Scrolls
 e - a scroll of holy word {unknown}
 f - a scroll of fog {unknown}
 g - a scroll of identify {unknown}
 k - 2 scrolls of noise {unknown}


   Skills:
 + Level 2.5 Fighting
 + Level 0.5 Short Blades
 + Level 0.5 Long Blades
 + Level 0.5 Axes
 + Level 0.5 Maces & Flails
 + Level 0.5 Polearms
 + Level 0.5 Staves
 + Level 0.9 Slings
 + Level 0.5 Bows
 + Level 0.5 Crossbows
 + Level 2.5 Throwing
 + Level 0.5 Armour
 + Level 0.5 Dodging
 + Level 0.5 Stealth
 + Level 4.5 Shields
 + Level 0.5 Unarmed Combat
 + Level 2.7 Spellcasting
 + Level 3.7 Conjurations
 + Level 0.3 Hexes
 + Level 0.3 Summonings
 + Level 0.3 Necromancy
 + Level 5.3 Translocations
 + Level 0.3 Transmutations
 + Level 0.3 Fire Magic
 + Level 0.3 Ice Magic
 + Level 0.3 Air Magic
 + Level 0.3 Earth Magic
 + Level 0.3 Poison Magic
 + Level 0.6 Invocations
 + Level 0.5 Evocations


You had 5 spell levels left.
You knew the following spells:

 Your Spells              Type           Power      Damage    Failure   Level
a - Magic Dart            Conj           44%        1d5       19%         1

Your spell library contained the following spells:

 Spells                   Type           Power      Damage    Failure   Level
 Apportation              Tloc           30%        N/A       10%         1
 Foxfire                  Conj/Fire      28%        2x1d5     36%         1
 Passage of Golubria      Tloc           15%        N/A       67%         4
 Conjure Flame            Conj/Fire      7%         6-21      75%         3
 Stone Arrow              Conj/Erth      14%        3d7       75%         3
 Iskenderun's Mystic Bla  Conj/Tloc      13%        2d5       78%         4
 Inner Flame              Hex/Fire       2%         N/A       92%         3
 Flame Wave               Conj/Fire      7%         2d5       98%         4


Dungeon Overview and Level Annotations

Branches:
Dungeon (1/15)

Altars:


Innate Abilities, Weirdness & Mutations

You have very sharp teeth.
Your uncanny sense of smell can sniff out nearby items.
Your experience applies equally to all skills.


Message History

The quokka barely misses you.
You barely miss the quokka.
The quokka is almost dead.
The quokka bites you. The quokka closely misses you.
You barely miss the quokka.
The quokka is almost dead.
You block the quokka's attack.
You barely miss the quokka.
The quokka is almost dead.
The quokka bites you but does no damage.
You hit the quokka.
You kill the quokka!
You closely miss the gnoll. The gnoll hits you with a +0 whip!
* * * LOW HITPOINT WARNING * * *
You barely miss the gnoll. The gnoll barely misses you.
You hit the gnoll.
The gnoll is lightly wounded.
The gnoll closely misses you.
You hit the gnoll.
The gnoll is moderately wounded.
The gnoll barely misses you.
You hit the gnoll.
The gnoll is moderately wounded.
You block the gnoll's attack.
You hit the gnoll but do no damage. Your bite misses the gnoll.
The gnoll is moderately wounded.
You block the gnoll's attack.
You hit the gnoll but do no damage.
The gnoll is moderately wounded.
The gnoll hits you but does no damage.
You hit the gnoll but do no damage.
The gnoll is moderately wounded.
You block the gnoll's attack.
You hit the gnoll.
The gnoll is heavily wounded.
You block the gnoll's attack.
You hit the gnoll.
The gnoll is severely wounded.
The gnoll hits you with a +0 whip.
You die...

#.....# ####
###############.†...########...##
#>...............................
#.#.#.......#'#####)###### .#.##
#.#.#.#######.....'.# #..÷
#.#.#....####.###.### ####+#..)
#'#.#†.#.#..#.# #.# .. .......##
.......#.#..#.###.##.# ##.....#.
.........#..'..g@.#..# #.....##
........##.######+#..# #....#
#'#.....#.....#......# #....#
#.###...#.g...#......#####....###
#................................
######...............######.###.#
#..#.....#......# #.#.#.#
#........#......# #.#...# #
#........#......# ####.#.###


You could see a gnoll.

Vanquished Creatures
  2 bats (D:1)
  An endoplasm (D:1)
  A giant cockroach (D:1)
  2 goblins (D:1)
  3 hobgoblins (D:1)
  A quokka (D:1)
  3 ball pythons (D:1)
  3 kobolds (D:1)
  A rat (D:1)
17 creatures vanquished.

Notes
Turn   | Place    | Note
-------+----------+-------------------------------------------
     0 | D:1      | themarg the Gnoll Wanderer began the quest for the Orb.
     0 | D:1      | themarg set off with the following items: a +0 dagger, a +0
                  | robe, a +0 buckler; and the following spells available to
                  | memorise: Apportation, Magic Dart, Passage of Golubria,
                  | Stone Arrow, Iskenderun's Mystic Blast
     0 | D:1      | Reached XP level 1. HP: 17/17 MP: 4/4
   555 | D:1      | Learned a level 1 spell: Magic Dart
   613 | D:1      | Reached XP level 2. HP: 19/23 MP: 5/5
  1142 | D:1      | Slain by a gnoll

Illustrated notes

Levels and vault maps discovered:
D:1:      minmay_arrival_open_corners, layout_basic, minmay_misc_feat_encased

Action                   || total
-------------------------++-------
Melee: Dagger            ||   108
       Bite              ||     4
 Stab: Sleeping          ||     1
Armor: Robe              ||    10
       Ring mail         ||    28
Dodge: Dodged            ||    51
Block: Buckler           ||    27
